 Dungeon Crawl Stone Soup version 0.21-a0-536-gdbbf329 (webtiles) character file.

462 sagitran the Skirmisher (level 7, -2/59 HPs)
             Began as a Gnoll Wanderer on Dec 14, 2017.
             Slain by Blork the orc
             ... wielding a +0 war axe
              (7 damage)
             ... on level 4 of the Dungeon.
             The game lasted 00:16:18 (2682 turns).

sagitran the Skirmisher (Gnoll Wanderer)            Turns: 2682, Time: 00:16:19

Health: -2/59      AC:  7    Str: 20 (21) XL:     7   Next: 7%
Magic:  2/10       EV: 13    Int: 10 (13) God:
Gold:   91         SH:  0    Dex: 13 (16) Spells: 2/10 levels left

rFire    + . .     SeeInvis .   a - +2 quarterstaff
rCold    + . .     Gourm    .   (shield currently unavailable)
rNeg     . . .     Faith    .   A - +1 leather armour
rPois    .         Spirit   .   (no helmet)
rElec    .         Reflect  .   (no cloak)
rCorr    +         Harm     .   p - +2 pair of gloves of Vatwen {+Inv rC+}
MR       .....                  (no boots)
Stlth    +++.......             (no amulet)
HPRegen  0.19/turn              L - ring of resist corrosion
MPRegen  0.12/turn              (no ring)

@: mighty, flying, very slightly contaminated, hasted, very quick
A: distributed training, fangs 1, fire resistance 1, strong nose
a: Evoke Invisibility


You were on level 4 of the Dungeon.
You were not hungry.

You visited 1 branch of the dungeon, and saw 4 of its levels.

You collected 179 gold pieces.
You spent 88 gold pieces at shops.

Inventory:

Hand Weapons
 a - a +2 quarterstaff (weapon)
 b - a +0 spear
 e - a +0 dagger
 n - a +0 hand axe
 G - a +0 short sword of holy wrath
Missiles
 j - 56 stones
 C - 15 poisoned needles
 E - 18 bolts
 F - 5 tomahawks (quivered)
 I - 16 arrows
Armour
 d - a +0 robe
 p - the +2 pair of gloves of Vatwen (worn) {+Inv rC+}
   (You found it on level 4 of the Dungeon)

   It protects you from cold.
   It lets you turn invisible.
 t - a +0 ring mail
 z - a +0 pair of gloves
 A - a +1 leather armour (worn)
Jewellery
 L - a ring of resist corrosion (left hand)
Wands
 v - a wand of clouds (7)
 K - a wand of disintegration (9)
Scrolls
 g - 2 scrolls of remove curse
 m - a scroll of enchant armour
 u - 2 scrolls of fog {unknown}
 w - a scroll of random uselessness {unknown}
 x - 2 scrolls of teleportation {unknown}
 D - a scroll of blinking {unknown}
 J - a scroll of immolation {unknown}
Potions
 k - a potion of lignification {unknown}
Books
 y - a book of Minor Magic

   Spells                             Type                      Level
   a - Magic Dart                     Conjuration                  1
   b - Blink                          Translocation                2
   c - Call Imp                       Summoning                    2
   d - Slow                           Hexes                        2
   e - Conjure Flame                  Conjuration/Fire             3
   f - Mephitic Cloud                 Conjuration/Poison/Air       3
Comestibles
 c - 2 meat rations
 f - 3 bread rations
 i - 2 royal jellies
 B - 2 fruits


   Skills:
 + Level 6.9 Fighting
 + Level 2.2 Short Blades
 + Level 3.4 Long Blades
 + Level 2.2 Axes
 + Level 2.2 Maces & Flails
 + Level 2.2 Polearms
 + Level 3.4 Staves
 + Level 2.2 Slings
 + Level 2.2 Bows
 + Level 2.2 Crossbows
 + Level 3.4 Throwing
 + Level 2.2 Armour
 + Level 3.4 Dodging
 + Level 4.7 Stealth
 + Level 3.4 Shields
 + Level 2.2 Unarmed Combat
 + Level 2.2 Spellcasting
 + Level 1.8 Conjurations
 + Level 1.8 Hexes
 + Level 1.8 Charms
 + Level 1.8 Summonings
 + Level 1.8 Necromancy
 + Level 1.8 Translocations
 + Level 1.8 Transmutations
 + Level 1.8 Fire Magic
 + Level 1.8 Ice Magic
 + Level 1.8 Air Magic
 + Level 1.8 Earth Magic
 + Level 1.8 Poison Magic
 + Level 2.4 Invocations
 + Level 2.2 Evocations


You had 2 spell levels left.
You knew the following spells:

 Your Spells              Type           Power        Failure   Level  Hunger
a - Mephitic Cloud        Conj/Pois/Air  #.......     45%         3    ####...
b - Conjure Flame         Conj/Fire      #.......     45%         3    ####...
c - Blink                 Tloc           N/A          26%         2    ###....


Dungeon Overview and Level Annotations

Branches:
Dungeon (4/15)
 Temple: D:4-7

Altars:
Okawaru
The Shining One

Shops:
D:4 !

Annotations:
D:4 Blork the orc, Edmund


Innate Abilities, Weirdness & Mutations

Your experience applies equally to all skills.
You have very sharp teeth.
Your uncanny sense of smell can sniff out nearby items.
Your flesh is heat resistant. (rF+)


Message History

Blork the orc hits you with a war axe.
Edmund hits you with a dire flail of holy wrath!
* * * LOW HITPOINT WARNING * * *
You feel better.
You thump Blork the orc! Your bite misses Blork the orc.
Blork the orc is heavily wounded.
Blork the orc hits you with a war axe.
* * * LOW HITPOINT WARNING * * *
Edmund barely misses you.
You sock Edmund!
Edmund is severely wounded.
Blork the orc hits you but does no damage.
You thump Edmund!
Edmund is almost dead.
Edmund hits you with a dire flail of holy wrath!
* * * LOW HITPOINT WARNING * * *
You barely miss Edmund.
Edmund is almost dead.
Blork the orc hits you with a war axe!
You die...

.##...#.# $....#. #...#........
.#......# .......#.##...##.......
.....# ##......#.##...##.......
...#######.......[..#...##.......
#............%..(...#............
##.#######..............##.......
#.#### #..............#........
#....# ........@...##..........
#....# #.......@o...#...........
##...# #...............##.......
#...###..............###.......
###..##...............##>......
##.##...........###.#........
#......#...#...###..........
##.......##.##......#......>
#.........#.......##.......
#...........#.###..#.......


You could see Edmund and Blork the orc.

Vanquished Creatures
  Grinder (D:4)
  An orc wizard (D:3)
  Jessica (D:2)
  Ijyb (D:4)
  Terence (D:2)
  An iguana (D:4)
  2 adders
  An ooze (D:3)
  4 worms (D:2)
  2 dart slugs
  4 leopard geckos
  6 orcs (D:3)
  A ball python (D:3)
  4 bats
  5 giant cockroaches
  6 goblins
  10 hobgoblins
  3 jackals (D:4)
  2 quokkas (D:4)
  4 frilled lizards
  10 kobolds
  A quokka skeleton (D:4)
  5 rats
76 creatures vanquished.

Notes
Turn   | Place    | Note
-------+----------+-------------------------------------------
     0 | D:1      | sagitran the Gnoll Wanderer began the quest for the Orb.
     0 | D:1      | sagitran set off with: a +2 quarterstaff, a +0 spear, a potion of curing, a +0 robe, a +0 dagger, a bread ration
     0 | D:1      | Reached XP level 1. HP: 23/23 MP: 1/1
   118 | D:1      | Reached XP level 2. HP: 21/29 MP: 2/2
   607 | D:1      | Reached XP level 3. HP: 18/35 MP: 3/3
   734 | D:2      | Noticed Terence
   744 | D:2      | Found a glowing golden altar of the Shining One.
   934 | D:2      | Reached skill level 1 in Invocations
   967 | D:2      | Learned a level 3 spell: Mephitic Cloud
  1045 | D:2      | Killed Terence
  1045 | D:2      | Reached skill level 1 in Short Blades
  1045 | D:2      | Reached skill level 1 in Axes
  1045 | D:2      | Reached skill level 1 in Maces & Flails
  1045 | D:2      | Reached skill level 1 in Polearms
  1045 | D:2      | Reached skill level 1 in Slings
  1045 | D:2      | Reached skill level 1 in Bows
  1045 | D:2      | Reached skill level 1 in Crossbows
  1045 | D:2      | Reached skill level 1 in Armour
  1045 | D:2      | Reached skill level 1 in Unarmed Combat
  1045 | D:2      | Reached skill level 1 in Spellcasting
  1045 | D:2      | Reached skill level 1 in Evocations
  1045 | D:2      | Reached XP level 4. HP: 27/41 MP: 2/5
  1426 | D:2      | Noticed Jessica
  1444 | D:2      | Killed Jessica
  1444 | D:2      | Reached skill level 1 in Conjurations
  1444 | D:2      | Reached skill level 1 in Hexes
  1444 | D:2      | Reached skill level 1 in Charms
  1444 | D:2      | Reached skill level 1 in Summonings
  1444 | D:2      | Reached skill level 1 in Necromancy
  1444 | D:2      | Reached skill level 1 in Translocations
  1444 | D:2      | Reached skill level 1 in Transmutations
  1444 | D:2      | Reached skill level 1 in Fire Magic
  1444 | D:2      | Reached skill level 1 in Ice Magic
  1444 | D:2      | Reached skill level 1 in Air Magic
  1444 | D:2      | Reached skill level 1 in Earth Magic
  1444 | D:2      | Reached skill level 1 in Poison Magic
  1572 | D:3      | Reached XP level 5. HP: 46/47 MP: 6/6
  1668 | D:3      | Found an iron altar of Okawaru.
  1781 | D:3      | Learned a level 3 spell: Conjure Flame
  1788 | D:3      | Found a faded altar of an unknown god.
  2285 | D:4      | Noticed Edmund
  2325 | D:4      | Reached XP level 6. HP: 42/53 MP: 8/8
  2348 | D:4      | Learned a level 2 spell: Blink
  2370 | D:4      | Noticed Ijyb
  2390 | D:4      | Killed Ijyb
  2421 | D:4      | Found Ugyro's Distillery.
  2426 | D:4      | Bought a potion of mutation for 88 gold pieces
  2426 | D:4      | Gained mutation: You are partially covered in molten scales. (AC +2) [potion of mutation]
  2426 | D:4      | Gained mutation: Your muscles are strong. (Str +2) [potion of mutation]
  2426 | D:4      | Lost mutation: Your muscles are strong. (Str +2) [potion of mutation]
  2426 | D:4      | Gained mutation: You possess an exceptional clarity of mind. [potion of mutation]
  2427 | D:4      | Lost mutation: You are partially covered in molten scales. (AC +2) [potion of mutation]
  2427 | D:4      | Lost mutation: You possess an exceptional clarity of mind. [potion of mutation]
  2427 | D:4      | Gained mutation: Your flesh is heat resistant. (rF+) [potion of mutation]
  2439 | D:4      | Got a pair of heavily runed gloves
  2450 | D:4      | Identified the +2 pair of gloves of Vatwen {+Inv rC+} (You found it on level 4 of the Dungeon)
  2475 | D:4      | Noticed Grinder
  2486 | D:4      | Paralysed by Grinder for 2 turns
  2498 | D:4      | Paralysed by Grinder for 5 turns
  2508 | D:4      | Killed Grinder
  2508 | D:4      | Reached XP level 7. HP: 35/59 MP: 8/10
  2653 | D:4      | Noticed Blork the orc
  2682 | D:4      | Slain by Blork the orc

Vault maps used:
D:1:      giann_forest_graveyard
D:2:      tso_metal_star, uniq_jessica, uniq_terence
D:3:      chequers_ecumenical_altar_island, first_bread,
          minmay_misc_feat_encased, okawaru_gym_becter
D:4:      serial_shops, shop, uniq_blork_the_orc, uniq_edmund, uniq_ijyb,
          uniq_grinder

Skill      XL: |  1  2  3  4  5  6 |
---------------+-------------------+-----
Invocations    | 1 2 |  2.4
Short Blades   | 1 2 |  2.2
Axes           | 1 2 |  2.2
Maces & Flails | 1 2 |  2.2
Polearms       | 1 2 |  2.2
Slings         | 1 2 |  2.2
Bows           | 1 2 |  2.2
Crossbows      | 1 2 |  2.2
Armour         | 1 2 |  2.2
Unarmed Combat | 1 2 |  2.2
Spellcasting   | 1 2 |  2.2
Evocations     | 1 2 |  2.2
Conjurations   | 1 |  1.8
Hexes          | 1 |  1.8
Charms         | 1 |  1.8
Summonings     | 1 |  1.8
Necromancy     | 1 |  1.8
Translocations | 1 |  1.8
Transmutations | 1 |  1.8
Fire Magic     | 1 |  1.8
Ice Magic      | 1 |  1.8
Air Magic      | 1 |  1.8
Earth Magic    | 1 |  1.8
Poison Magic   | 1 |  1.8
Long Blades    | 3 |  3.4
Staves         | 3 |  3.4
Throwing       | 3 |  3.4
Dodging        | 3 |  3.4
Shields        | 3 |  3.4
Fighting       | |  6.9
Stealth        | |  4.7

Action                   |  1- 3 |  4- 6 |  7- 9 || total
-------------------------+-------+-------+-------++-------
Melee: Quarterstaff      |    46 |    91 |    14 ||   151
       Bite              |     5 |     9 |     1 ||    15
       Hand axe          |    11 |     7 |       ||    18
       Dagger            |    11 |     8 |       ||    19
       Spear             |     2 |       |       ||     2
Throw: Stone             |    15 |    72 |       ||    87
       Tomahawk          |       |     1 |       ||     1
 Cast: Mephitic Cloud    |       |     1 |     1 ||     2
       Blink             |       |       |     1 ||     1
  Use: Potion            |     1 |     5 |     6 ||    12
       Scroll            |       |     4 |     1 ||     5
 Stab: Sleeping          |     5 |     3 |       ||     8
  Eat: Chunk             |     1 |     4 |     1 ||     6
Armor: Robe              |     6 |       |       ||     6
       Leather armour    |     7 |    13 |     7 ||    27
       Ring mail         |     2 |       |       ||     2
Dodge: Dodged            |    49 |    71 |     6 ||   126

Table legend:
 A = Spawn XP
 B = Non-spawn XP
 C = Spawn XP percentage of total XP
 D = Spawn monster count
 E = Non-spawn monster count
 F = Spawn count percentage of total count
 G = Total turns spent on level
                    A         B        C        D         E        F      G
               +---------+---------+-------+---------+---------+-------+---------
         Total |       0 |     660 |   0.0 |       0 |      76 |   0.0 |  2682
               +---------+---------+-------+---------+---------+-------+---------
           D:1 |       0 |      35 |   0.0 |       0 |      20 |   0.0 |   747
           D:2 |       0 |     125 |   0.0 |       0 |      16 |   0.0 |   812
           D:3 |       0 |     117 |   0.0 |       0 |      29 |   0.0 |   692
           D:4 |       0 |     383 |   0.0 |       0 |      11 |   0.0 |   431
               +---------+---------+-------+---------+---------+-------+---------
